 Dungeon Crawl Stone Soup version 0.31-a0-232-gb1c03b2570 (webtiles) character file.

Game seed: 1330964348183786430

189 qw the Shooter (level 5, 0/45 HPs)
             Began as a Minotaur Hexslinger on July 7, 2023.
             Slain by an orc
             ... wielding a +2 hand axe of flaming
              (1 damage)
             ... on level 4 of the Dungeon.
             The game lasted 00:00:48 (2061 turns).

qw the Shooter (Minotaur Hexslinger)                Turns: 2061, Time: 00:00:49

Health: 0/45       AC:  2    Str: 13    XL:     5   Next: 40%
Magic:  5/5        EV: 12    Int: 10    God:
Gold:   178        SH:  0    Dex: 14    Spells: 5/6 levels left

rFire   + . .        Y - +3 sling
rCold   . . .        (no shield)
rNeg    . . .        f - +0 robe {rF+}
rPois   .            (helmet restricted)
rElec   .            (no cloak)
rCorr   .            (no gloves)
SInv    .            (no boots)
Will    .....        (no amulet)
Stlth   +            (no ring)
HPRegen 0.27/turn    (no ring)
MPRegen 0.09/turn

%: no passive effects
@: no status effects
A: horns 2, retaliatory headbutt
a: no special abilities


You were on level 4 of the Dungeon.
You visited 1 branch of the dungeon, and saw 4 of its levels.

You collected 178 gold pieces.


Innate Abilities, Weirdness & Mutations

You have a pair of horns on your head.
You reflexively headbutt those who attack you in melee.


   Skills:
 - Level 3.0 Fighting
 + Level 5.7 Ranged Weapons
 - Level 2.1 Dodging
 - Level 1.0 Spellcasting
 - Level 2.0 Hexes


You had 5 spell levels left.
You knew the following spells:

 Your Spells              Type           Power      Damage    Failure   Level
a - Slow                  Hex            16%        N/A       16%         1

Your spell library contained the following spells:

 Spells                   Type           Power      Damage    Failure   Level
 Inner Flame              Hex/Fire       2%         N/A       56%         3
 Portal Projectile        Hex/Tloc       4%         N/A       56%         3
 Cause Fear               Hex            2%         N/A       83%         4

Inventory:

Hand Weapons
 Y - a +3 sling (weapon)
Armour
 d - a +0 leather armour
 f - a +0 robe of fire resistance (worn)
 h - a +0 ring mail
Scrolls
 c - a scroll of silence {unknown}
 l - 2 scrolls of identify
Potions
 a - a potion of might
 b - 2 potions of curing
 e - a potion of attraction {unknown}
 g - a potion of enlightenment
 k - a potion of brilliance {unknown}

Dungeon Overview and Level Annotations

Branches:
Dungeon (4/15)
 Temple: D:4-7

Altars:
Gozag


Message History

You shoot a sling bullet.
The sling bullet barely misses the gnoll bouda.
The gnoll shouts!
The gnoll hits you with a +1 whip of electrocution.
The orc hits you with a +2 hand axe of flaming.
The orc burns you.
The gnoll bouda hits you with a +0 club.
The orc barely misses you.
The gnoll hits you with a +1 whip of electrocution!
The gnoll bouda barks out a call to the hunt!
The gnolls pick up the pace!
2056 ||| DRINKING potion of heal wounds.
You feel much better. The gnoll bouda closely misses you. The orc misses you.
The gnoll closely misses you.
You shoot a sling bullet. The sling bullet hits the gnoll bouda!
The gnoll bouda is almost dead.
The gnoll bouda hits you with a +0 club!
The orc hits you with a +2 hand axe of flaming.
The gnoll closely misses you.
You shoot a sling bullet. The sling bullet hits the gnoll bouda.
You kill the gnoll bouda!
The orc hits you with a +2 hand axe of flaming.
You shoot a sling bullet.
The sling bullet barely misses the gnoll.
The gnoll barely misses you. The gnoll hits you with a +0 club.
The orc barely misses you.
You shoot a sling bullet. The sling bullet hits the gnoll.
The gnoll is moderately wounded.
The gnoll hits you with a +0 club. The gnoll barely misses you.
You furiously retaliate!
You headbutt the gnoll, but do no damage.
The orc closely misses you.
You shoot a sling bullet. The sling bullet hits the gnoll!
You kill the gnoll!
The gnoll barely misses you. You furiously retaliate!
You headbutt the gnoll, but do no damage.
The orc hits you with a +2 hand axe of flaming!
The orc burns you.
You die...

....... ..# .....#
#.# ##....... ##.#.#
#.# ......... ##.#.#
#.# ......... ...#.#
#.# ......... <###.#
#.# #........ .# #.#
#.# #........ .#
#.#####.#####g#......
.###............@).#
......####.###.#o###
<..##)# #.#...#.).
...##.# #...#####.#
#.....## ###...# .#
...#...#######.# .
.#...)........... #.
.###..)######. .## ..
....).####### ..


You could see a gnoll (swift) and an orc.

Vanquished Creatures
  An orc priest (D:4)
  A gnoll bouda (D:4)
  An iguana (D:4)
  3 gnolls (D:4)
  2 adders
  A worm (D:3)
  3 dart slugs
  3 orcs (D:4)
  7 endoplasms
  5 giant cockroaches
  4 goblins
  2 hobgoblins (D:1)
  3 jackals (D:1)
  7 kobolds
  A quokka (D:2)
  4 ball pythons
  4 bats
  3 frilled lizards
  4 rats (D:1)
59 creatures vanquished.

Notes
Turn   | Place    | Note
-------+----------+-------------------------------------------
     0 | D:1      | qw the Minotaur Hexslinger began the quest for the Orb.
     0 | D:1      | Reached XP level 1. HP: 16/16 MP: 1/1
     0 | D:1      | 0 ||| qw: Version: 0.3-a-46-gb1f654a
     0 | D:1      | 0 ||| qw: Game counter: 2743
     0 | D:1      | 0 ||| qw: Melee chars always use a shield: true
     0 | D:1      | 0 ||| qw: God list: Okawaru
     0 | D:1      | 0 ||| qw: Allow faded altars: false
     0 | D:1      | 0 ||| qw: Do Orc after clearing Dungeon:15 true
     0 | D:1      | 0 ||| qw: Do second Lair branch before Depths: true
     0 | D:1      | 0 ||| qw: Lair rune preference: random
     0 | D:1      | 0 ||| qw: Goals: Normal
     0 | D:1      | 0 ||| PLANNING D:1-11
    35 | D:1      | HP: 4/16 [jackal (2)]
   125 | D:1      | Reached skill level 3 in Ranged Weapons
   125 | D:1      | Reached XP level 2. HP: 23/23 MP: 2/2
   572 | D:1      | 572 ||| READING scroll labelled FELUOST GUOS.
   573 | D:1      | 573 ||| READING 2 scrolls labelled RUVVEN DYXENIR.
   574 | D:1      | 574 ||| READING scroll labelled INOMICWUSU.
   575 | D:1      | 575 ||| READING scroll labelled PYJOME VICAVA.
   576 | D:1      | 576 ||| DRINKING 2 fizzy inky potions.
   577 | D:1      | 577 ||| DROPPING scroll of poison.
   578 | D:1      | 578 ||| DROPPING scroll of blinking.
   775 | D:2      | Reached XP level 3. HP: 29/29 MP: 3/3
  1084 | D:2      | 1084 ||| UPGRADING to +0 robe of fire resistance.
  1094 | D:2      | 1094 ||| DROPPING +0 robe.
  1095 | D:2      | 1095 ||| READING scroll labelled ARIK PYUSTULYHU.
  1096 | D:2      | 1096 ||| DRINKING 2 green potions.
  1097 | D:2      | 1097 ||| DRINKING 2 lumpy black potions.
  1134 | D:3      | Reached skill level 4 in Ranged Weapons
  1164 | D:3      | Found an opulent altar of Gozag.
  1558 | D:3      | Reached XP level 4. HP: 36/36 MP: 4/4
  1856 | D:3      | 1856 ||| READING scroll labelled OWABLEBA ZEOSE.
  1861 | D:3      | 1861 ||| READING 2 scrolls labelled LUYPIS ROBEVEID.
  1862 | D:3      | 1862 ||| READING scroll labelled QUATTA POUXO.
  1863 | D:3      | 1863 ||| DRINKING 2 viscous inky potions.
  1864 | D:3      | 1864 ||| READING 2 scrolls of identify.
  1864 | D:3      | 1864 ||| IDENTIFYING fizzy amethyst potion
  1865 | D:3      | 1865 ||| DROPPING potion of lignification.
  1866 | D:3      | 1866 ||| DROPPING scroll of fog.
  1942 | D:4      | 1942 ||| READING scroll of enchant weapon.
  1942 | D:4      | 1942 ||| ENCHANTING +2 sling.
  1977 | D:4      | Reached skill level 5 in Ranged Weapons
  2041 | D:4      | Reached XP level 5. HP: 44/44 MP: 5/5
  2049 | D:4      | Reached skill level 3 in Fighting
  2055 | D:4      | HP: 8/45 [gnoll/+1 whip of electrocution[a gnoll bouda]
                  | (10)]
  2056 | D:4      | 2056 ||| DRINKING potion of heal wounds.
  2060 | D:4      | HP: 8/45 [gnoll/+0 club[a gnoll bouda] (5)]
  2061 | D:4      | HP: 1/45 [orc/+2 hand axe of flaming (7)]
  2061 | D:4      | Slain by an orc

Levels and vault maps discovered:
D:1:      lightli_arrival_chessboard, layout_rooms
D:2:      layout_basic, chequers_serial_rivers_micro_c
D:3:      layout_basic, nicolae_gozag_seed_capital, kennysheep_generic_room_16
D:4:      layout_loops_ring, minivault_23

Skill      XL: |  1  2  3  4  5 |
---------------+----------------+-----
Ranged Weapons | 3 4 5 |  5.7
Fighting       | 2 3 |  3.0
Dodging        | |  2.1
Spellcasting   | |  1.0
Hexes          | |  2.0

Action                     |  1- 3 |  4- 6 || total
---------------------------+-------+-------++-------
   Fire: Sling             |   108 |    51 ||   159
    Use: Scroll            |     5 |     5 ||    10
         Potion            |     3 |     2 ||     5
 Armour: Robe              |    11 |       ||    11
  Dodge: Dodged            |    38 |    17 ||    55

Table legend:
 A = Non-vault XP
 B = Vault XP
 C = Vault XP percentage of total XP
 D = Non-vault monster count
 E = Vault monster count
 F = Vault count percentage of total count
                 A         B        C        D         E       F
            +---------+---------+-------+---------+---------+-------
      Total |     279 |       6 |   2.1 |      56 |       3 |   5.1
            +---------+---------+-------+---------+---------+-------
        D:1 |      31 |       0 |   0.0 |      19 |       0 |   0.0
        D:2 |      29 |       0 |   0.0 |       9 |       0 |   0.0
        D:3 |      44 |       6 |  12.0 |      18 |       3 |  14.3
        D:4 |     175 |       0 |   0.0 |      10 |       0 |   0.0
            +---------+---------+-------+---------+---------+-------
